AoeStats
← ihate

Arabia

510553146Analyzed
1v1 RM · 13h ago on Oct 1, 2026· 42m 37s· 2 players
Game mode
Random Map
Map size
Tiny (2 player)
Population
200
Speed
Normal
Resources
Standard
Victory
Conquest
Starting age
Dark Age
Ending age
Imperial Age
RankedLock teamsTeams togetherTeam positionsShared explorationLock speedFull tech treeHidden civsTurbo modeCheats
Victory
Defeat
🇨🇴 Britons · Colombia
1115
+16
🇩🇪 Varangians · Germany
1108
-16
ihate
9:37 Feudal Age
8:23 Loom
12:55 Bloodlines
16:15 Double-Bit Axe
24:56 Castle Age
28:16 Scale Barding Armor
28:23 Light Cavalry
30:43 Chain Barding Armor
39:59 Fletching
LordCalingo
7:05 Loom
9:11 Feudal Age
9:44 Man-at-Arms
12:19 Double-Bit Axe
16:56 Fletching
19:47 Wheelbarrow
20:15 Wheelbarrow
24:58 Castle Age
23:25 Gold Mining
25:48 Bodkin Arrow
25:16 Crossbowman
32:26 Ballistics
38:16 Imperial Age
38:59 Bracer
38:48 Arbalester
42:05 Chemistry
Connection lost

Rejoining the realm…

Still unreachable

The connection could not be restored.

Session expired

The server has moved on; the page needs a fresh start.